 Dungeon Crawl Stone Soup version 0.20-a0-640-g62ed22f (webtiles) character file.

82 polly the Slasher (level 4, -2/34 HPs)
             Began as a Demonspawn Gladiator on Feb 13, 2017.
             Slain by Ijyb
             ... wielding a +0 dagger
              (3 damage)
             ... on level 2 of the Dungeon.
             The game lasted 00:02:01 (1559 turns).

polly the Slasher (Demonspawn Gladiator)            Turns: 1559, Time: 00:02:02

Health: -2/34      AC:  4    Str: 15    XL:     4   Next: 21%
Magic:  4/4        EV: 13    Int:  9    God:
Gold:   118        SH:  0    Dex: 15    Spells: 3/3 levels left

rFire    . . .     SeeInvis .   a - +0 long sword
rCold    . . .     Gourm    .   b - +0 leather armour
rNeg     . . .     Faith    .   (no shield)
rPois    .         Spirit   .   c - +0 helmet
rElec    .         Reflect  .   (no cloak)
rCorr    .         Harm     .   (no gloves)
MR       .....                  (no boots)
Stlth    +.........             k - amulet of magic regeneration
Regen    0.2/turn               (no ring)
MPRegen  0.2/turn               (no ring)

@: no status effects
A: talons 1
a: no special abilities


You were on level 2 of the Dungeon.
You were not hungry.

You visited 1 branch of the dungeon, and saw 2 of its levels.

You collected 118 gold pieces.

Inventory:

Hand Weapons
 a - a +0 long sword (weapon)
Missiles
 d - 3 throwing nets (quivered)
Armour
 b - a +0 leather armour (worn)
 c - a +0 helmet (worn)
Jewellery
 k - an amulet of magic regeneration (around neck)
Scrolls
 g - a scroll of remove curse {unknown}
 m - a scroll of blinking {unknown}
 n - a scroll of enchant armour {unknown}
 o - a scroll of fear {unknown}
 p - a scroll of recharging {unknown}
Potions
 e - a potion of haste {unknown}
 h - 4 potions of might {unknown}
 i - a potion of berserk rage {unknown}
 j - a potion of curing {unknown}
Comestibles
 f - 3 bread rations
 l - 5 fruits


   Skills:
 + Level 2.4 Fighting
 + Level 3.6 Long Blades
 + Level 1.7 Throwing
 + Level 0.6 Armour
 + Level 3.3 Dodging
 + Level 0.6 Stealth


You had 3 spell levels left.
You didn't know any spells.

Dungeon Overview and Level Annotations

Branches:
Dungeon (2/15)

Altars:

Annotations:
D:2 Ijyb


Innate Abilities, Weirdness & Mutations

You have sharp toenails.


Message History

You are too injured to fight recklessly!
You are too injured to fight recklessly!
You are too injured to fight recklessly!
You are too injured to fight recklessly!
You are too injured to fight recklessly!
You are too injured to fight recklessly!
You are too injured to fight recklessly!
You are too injured to fight recklessly!
You are too injured to fight recklessly!
You are too injured to fight recklessly!
You are too injured to fight recklessly!
You are too injured to fight recklessly!
You hit Ijyb but do no damage. Your kick misses Ijyb.
Ijyb is lightly wounded.
Ijyb zaps a wand.
You are blasted!
* * * LOW HITPOINT WARNING * * *
You hit Ijyb but do no damage. Your kick misses Ijyb.
Ijyb is lightly wounded.
Ijyb hits you with a dagger.
You die...

#......# #......#
#......# #.....†##
### #.......### #.#
#.........### #.#
#......##...### #.#
#.....>####...#####.#
####@### ###........
#g# ########.. #.#
.......... ...
########.# ...
#####.# ....# #.....#
....# #...... .....#
#...... .)... #.....#


You could see Ijyb.

Vanquished Creatures
  Natasha (D:2)
  An adder (D:2)
  2 dart slugs (D:1)
  A bat (D:1)
  3 giant cockroaches (D:2)
  8 goblins
  6 hobgoblins
  3 jackals (D:2)
  8 kobolds
  3 frilled lizards
  3 rats
39 creatures vanquished.

Notes
Turn   | Place    | Note
-------+----------+-------------------------------------------
     0 | D:1      | polly the Demonspawn Gladiator began the quest for the Orb.
     0 | D:1      | Reached XP level 1. HP: 16/16 MP: 1/1
   333 | D:1      | Gained mutation: You have sharp toenails. [demonic ancestry]
   333 | D:1      | Reached XP level 2. HP: 19/22 MP: 2/2
   997 | D:1      | Reached XP level 3. HP: 27/27 MP: 3/3
  1259 | D:2      | Noticed Natasha
  1272 | D:2      | Killed Natasha
  1485 | D:2      | Reached XP level 4. HP: 34/34 MP: 4/4
  1547 | D:2      | Noticed Ijyb
  1558 | D:2      | HP: 1/34 [disintegration (14)]
  1559 | D:2      | Slain by Ijyb

Vault maps used:
D:1:      onia_arrival_mini_maze, minmay_surrounded
D:2:      first_bread, due_unseen_surprise, uniq_crazy_yiuf_cottage, uniq_iyjb,
          uniq_natasha

Skill      XL: |  1  2 |
---------------+-------+-----
Long Blades    | 3 |  3.6
Dodging        | 3 |  3.3
Fighting       | |  2.4
Throwing       | |  1.7
Armour         | |  0.6
Stealth        | |  0.6

Action                   |  1- 3 |  4- 6 || total
-------------------------+-------+-------++-------
Melee: Long sword        |    87 |    15 ||   102
       Kick              |    15 |     5 ||    20
  Eat: Bread ration      |       |     1 ||     1
Armor: Leather armour    |    30 |     7 ||    37
Dodge: Dodged            |    48 |     5 ||    53
       Rpst.: Long sword |    13 |     3 ||    16
